AoeStats
← 859

Arena

508831901Analyzed
4v4 RM · 9d ago on Sep 24, 2026· 45m 37s· 8 players
Game mode
Random Map
Map size
Large (8 player)
Population
200
Speed
Normal
Resources
Standard
Victory
Conquest
Starting age
Dark Age
Ending age
Imperial Age
RankedLock teamsTeams togetherTeam positionsShared explorationLock speedFull tech treeHidden civsTurbo modeCheats
Victory
Defeat
🇨🇳 Persians · China
1293
+15
🇷🇴 Bohemians · Romania
1248
+16
🇺🇦 Franks · Ukraine
1241
+17
🇨🇳 Spanish · China
1169
+20
🇪🇸 Varangians · Spain
1367
-22
🇨🇳 Danes · China
1228
-16
🇮🇳 Spanish · India
1220
-15
🇳🇿 Bohemians · New Zealand
1206
-15
只爆叉叉
11:01 Feudal Age
12:11 Double-Bit Axe
14:59 Castle Age
16:08 Bow Saw
15:40 Horse Collar
16:46 Heavy Plow
22:08 Wheelbarrow
22:31 Stone Mining
23:11 Gold Mining
25:24 Gold Shaft Mining
25:16 Hand Cart
24:46 Loom
27:09 Scale Mail Armor
27:19 Forging
29:53 Imperial Age
28:46 Chain Mail Armor
28:55 Arson
29:10 Squires
28:32 Pikeman
30:21 Iron Casting
29:10 Hamask
31:10 Plate Mail Armor
31:04 Conscription
30:06 Halberdier
30:45 Capped Ram
31:40 Elite Varangian Guard
34:31 Blast Furnace
41:12 Fletching
41:22 Padded Archer Armor
42:26 Chemistry
41:46 Ballistics
43:17 Thumb Ring
42:33 Elite Skirmisher
43:38 Masonry
43:51 Bodkin Arrow
44:11 Leather Archer Armor
45:22 Bracer
The OG PinkMan
10:18 Feudal Age
14:15 Castle Age
17:41 Loom
26:40 Gold Mining
31:13 Imperial Age
29:11 Double-Bit Axe
29:11 Horse Collar
30:34 Padded Archer Armor
Gandalfff
7:17 Loom
11:17 Feudal Age
15:47 Castle Age
14:32 Double-Bit Axe
14:28 Horse Collar
19:27 Bow Saw
22:07 Wheelbarrow
22:17 Heavy Plow
23:21 Hand Cart
26:05 Scale Barding Armor
26:10 Forging
29:10 Imperial Age
27:47 Town Watch
28:24 Chain Barding Armor
28:39 Iron Casting
29:15 Bloodlines
29:05 Husbandry
29:25 Town Patrol
29:43 Gold Mining
29:46 Stone Mining
29:21 Cavalier
29:47 Treadmill Crane
30:21 Masonry
31:32 Vendel Legacy
33:08 Plate Barding Armor
33:14 Stone Shaft Mining
32:28 Treadmill Crane
33:18 Architecture
33:12 Conscription
36:48 Blast Furnace
Ferraa
10:11 Feudal Age
12:13 Double-Bit Axe
14:33 Castle Age
15:23 Horse Collar
16:49 Bow Saw
19:17 Loom
20:12 Wheelbarrow
20:28 Heavy Plow
21:57 Hand Cart
22:57 Fervor
22:39 Town Watch
24:14 Town Patrol
28:08 Imperial Age
27:22 Scale Mail Armor
27:14 Fletching
28:45 Wagenburg Tactics
29:08 Ballistics
29:53 Chemistry
29:14 Ballistics
29:06 Fortified Wall
29:09 Siege Engineers
29:55 Chain Mail Armor
29:01 Pikeman
29:41 Squires
30:00 Forging
30:03 Masonry
30:16 Ballistics
30:22 Sappers
31:12 Conscription
32:58 Plate Mail Armor
32:25 Bodkin Arrow
33:38 Iron Casting
33:48 Halberdier
35:06 Iron Casting
34:51 Houfnice
39:01 Blast Furnace
38:02 Bracer
38:35 Architecture
38:07 Murder Holes
44:10 Elite Hussite Wagon
859
10:50 Feudal Age
14:28 Castle Age
12:17 Double-Bit Axe
12:21 Horse Collar
14:38 Wheelbarrow
16:07 Heavy Plow
16:20 Loom
18:47 Bow Saw
29:19 Imperial Age
26:51 Gold Mining
27:20 Scale Barding Armor
27:26 Forging
29:00 Chain Barding Armor
29:32 Gold Shaft Mining
29:23 Hand Cart
29:50 Iron Casting
29:34 Bloodlines
29:24 Husbandry
29:10 Cavalier
30:31 Plate Barding Armor
31:25 Crop Rotation
31:12 Savar
32:06 Stone Mining
33:20 Two-Man Saw
33:25 Blast Furnace
34:42 Stone Shaft Mining
34:36 Capped Ram
36:37 Scale Mail Armor
38:15 Conscription
38:32 Chain Mail Armor
37:42 Pikeman
38:08 Gambesons
38:23 Squires
38:09 Arson
38:33 Siege Ram
41:59 Masonry
41:46 Murder Holes
44:25 Plate Mail Armor
43:17 Halberdier
fffRanick
10:38 Feudal Age
11:59 Double-Bit Axe
14:55 Castle Age
14:24 Loom
16:02 Bow Saw
17:38 Wheelbarrow
21:33 Gold Mining
24:29 Husbandry
27:44 Gold Shaft Mining
27:00 Stone Mining
30:02 Imperial Age
28:26 Forging
28:21 Scale Barding Armor
28:44 Hand Cart
29:30 Fletching
30:17 Iron Casting
30:53 Chain Barding Armor
30:04 Cavalier
32:23 Chemistry
31:49 Paladin
34:42 Blast Furnace
34:18 Plate Barding Armor
33:44 Paladin
34:31 Padded Archer Armor
37:44 Leather Archer Armor
38:22 Coinage
40:17 Gold Shaft Mining
42:19 Siege Engineers
42:01 Light Cavalry
Jadwigga
11:35 Feudal Age
12:54 Double-Bit Axe
15:45 Castle Age
13:34 Horse Collar
16:16 Loom
16:18 Town Watch
16:52 Bow Saw
17:56 Wheelbarrow
22:11 Heavy Plow
22:57 Fervor
24:36 Hand Cart
28:54 Imperial Age
27:00 Fletching
27:11 Scale Mail Armor
27:33 Town Patrol
29:42 Chemistry
29:42 Chain Mail Armor
29:38 Forging
28:49 Pikeman
29:30 Squires
29:15 Arson
30:19 Conscription
30:13 Halberdier
32:36 Plate Mail Armor
32:41 Iron Casting
33:08 Siege Engineers
33:24 Ballistics
33:57 Hussite Reforms
33:58 Wagenburg Tactics
34:15 Bodkin Arrow
34:36 Houfnice
38:06 Blast Furnace
37:07 Padded Archer Armor
38:52 Fortified Wall
38:38 Murder Holes
菜鸟不是菜
10:47 Feudal Age
14:54 Castle Age
13:18 Stone Mining
14:02 Double-Bit Axe
22:52 Fletching
24:18 Padded Archer Armor
27:36 Bodkin Arrow
28:00 Leather Archer Armor
30:19 Gold Mining
43:28 Imperial Age
44:19 Bracer
46:44 Ring Archer Armor
Connection lost

Rejoining the realm…

Still unreachable

The connection could not be restored.

Session expired

The server has moved on; the page needs a fresh start.